 Dungeon Crawl Stone Soup version 0.28-a0-938-gbc3f381ebc (webtiles) character file.

Game seed: 10929843005106094292

12 BinkBink the Skirmisher (level 2, 0/24 HPs)
             Began as a Demonspawn Monk on Nov 28, 2021.
             Slain by a hobgoblin (2 damage)
             ... on level 1 of the Dungeon.
             The game lasted 00:00:53 (467 turns).

BinkBink the Skirmisher (Demonspawn Monk)            Turns: 467, Time: 00:00:54

Health: 0/24       AC:  2    Str: 11    XL:     2   Next: 20%
Magic:  2/2        EV: 13    Int: 11    God:
Gold:   11         SH:  0    Dex: 15    Spells: 1/1 levels left

rFire   . . .      SeeInvis .   (no weapon)
rCold   . . .      Faith    .   (no shield)
rNeg    . . .      Spirit   .   b - +0 robe
rPois   .          Reflect  .   (no helmet)
rElec   .          Harm     .   (no cloak)
rCorr   .          Rampage  .   (no gloves)
Will    .....                   (no boots)
Stlth   ++........              (no amulet)
HPRegen 0.08/turn               (no ring)
MPRegen 0.08/turn               (no ring)

@: no status effects
A: claws 1
a: no special abilities


You were on level 1 of the Dungeon.
You visited 1 branch of the dungeon, and saw 1 of its levels.

You collected 11 gold pieces.

Inventory:

Armour
 b - a +0 robe (worn)
Scrolls
 c - a scroll of amnesia {unknown}
Potions
 a - a potion of cancellation {unknown}
 d - a potion of attraction {unknown}


   Skills:
 + Level 3.2 Fighting
 - Level 2.9 Short Blades
 + Level 2.9 Dodging
 - Level 1.8 Stealth
 * Level 0.1 Unarmed Combat


You had one spell level left.
You didn't know any spells.
Your spell library contained the following spells:

 Spells                   Type           Power      Damage    Failure   Level
 Airstrike                Air            0%         N/A       98%         4
 Summon Lightning Spire   Summ/Air       0%         N/A       98%         4
 Fireball                 Conj/Fire      0%         3d3       100%        5
 Lightning Bolt           Conj/Air       0%         1d11      100%        5
 Starburst                Conj/Fire      0%         6d3       100%        6
 Ignition                 Fire           0%         3d3       100%        8


Dungeon Overview and Level Annotations

Branches:
Dungeon (1/15)

Altars:


Innate Abilities, Weirdness & Mutations

You have sharp fingernails.


Message History

You scratch the endoplasm.
The endoplasm is severely wounded.
The goblin misses you. The endoplasm freezes you.
You are frozen.
A frilled lizard comes into view.
The frilled lizard hisses angrily.
You scratch the endoplasm.
You kill the endoplasm!
The hobgoblin closely misses you. The goblin hits you but does no damage.
A quokka comes into view.
You closely miss the hobgoblin. The hobgoblin hits you.
You scratch the hobgoblin but do no damage.
You scratch the goblin.
You kill the goblin!
The hobgoblin hits you. The hobgoblin hits you.
* * * LOW HITPOINT WARNING * * *
You see here a +0 dagger.
You scratch the hobgoblin.
The hobgoblin is moderately wounded.
The hobgoblin hits you but does no damage.
You closely miss the hobgoblin.
The hobgoblin is moderately wounded.
The frilled lizard closely misses you. The hobgoblin closely misses you.
You scratch the hobgoblin but do no damage.
The hobgoblin is moderately wounded.
The frilled lizard completely misses you.
The hobgoblin hits you.
* * * LOW HITPOINT WARNING * * *
You scratch the hobgoblin but do no damage.
The hobgoblin is moderately wounded.
The frilled lizard completely misses you.
The hobgoblin hits you but does no damage.
You closely miss the hobgoblin.
The hobgoblin is moderately wounded.
The frilled lizard bites you.
* * * LOW HITPOINT WARNING * * *
The hobgoblin hits you.
You die...

#. #.........# ###
#..#.........# #..
#..#.........# #.#
#............# #.#
#..........# #.+
####.........# #.#
...........# # #.#
####...l#.#.# #..
#..#@#...##. ####
###########.#.g.....r
#...
#.........#...#.#.##.
#.#.
#.............#...
....
#.........#...#>###
#.#.
#######.####.#.#.#
#.#.
.....##'####.#...#
#.#.
..........##.#...#
#.#.
..........##.#...#
####.#.


You could see a quokka (asleep), a hobgoblin and a frilled lizard.

Vanquished Creatures
  A ball python (D:1)
  A bat (D:1)
  2 endoplasms (D:1)
  2 goblins (D:1)
  A hobgoblin (D:1)
  A quokka (D:1)
  A kobold (D:1)
  A rat (D:1)
10 creatures vanquished.

Notes
Turn   | Place    | Note
-------+----------+-------------------------------------------
     0 | D:1      | BinkBink the Demonspawn Monk began the quest for the Orb.
     0 | D:1      | Reached XP level 1. HP: 18/18 MP: 1/1
   317 | D:1      | Gained mutation: You have sharp fingernails. [demonic
                  | ancestry]
   317 | D:1      | Reached XP level 2. HP: 24/24 MP: 2/2
   467 | D:1      | Slain by a hobgoblin

Illustrated notes

Levels and vault maps discovered:
D:1:      ncdulo_smallfort, layout_basic, ebering_dispersal_statue_hall,
          minmay_pentomino_t2

Action                   || total
-------------------------++-------
Melee: Short sword       ||    17
       Unarmed           ||    15
 Stab: Sleeping          ||     2
Armor: Robe              ||     5
Dodge: Dodged            ||    15

Table legend: (Time is in decaauts)
 A = Elapsed time spent in this place.
 B = Non-inter-level travel time spent in this place.
 C = Inter-level travel time spent in this place.
 D = Time resting spent in this place.
 E = Time spent auto-exploring this place.
 F = Levels seen in this place.
 G = Mean time per level.
                   A        B        C        D        E       F      G
               +--------+--------+--------+--------+--------+-----+--------+
         Total |    466 |    466 |      0 |      0 |    376 |   1 |  466.0 |
       Dungeon |    466 |    466 |      0 |      0 |    376 |   1 |  466.0 |
               +--------+--------+--------+--------+--------+-----+--------+

Top non-repeatable levels by time:
     D:1: 466 daAuts
